Map: Deathaura LE

Players

Serral

  • Race: Zerg Zerg
  • Spawn Location: 5:00

Trap - Winner!

  • Race: Protoss Protoss
  • League: Master
  • Spawn Location: 11:00

VOD

Have the link to the VOD?

Description

Time

  • Played on: Jan. 17, 2021, 12:18 p.m.
  • Length: 13:48
Show
View Real Time Build Order
Export as new Build Order

Serral Zerg 

Build Orders: Hatch First 

Get SALT Encoding   

  12  0:00  Drone  
  13  0:12  Overlord  
  13  0:16  Drone  
  14  0:30  Drone  
  15  0:44  Hatchery  
  15  0:48  Drone  
  15  0:51  Drone  
  15  0:55  Drone  
  17  1:11  Spawning Pool  
  16  1:14  Drone  
  16  1:17  Extractor  
  16  1:19  Drone  
  16  1:23  Drone  
  18  1:31  Drone  
  19  1:43  Drone  
  20  1:57  Queen x2  
  20  1:58  Zergling x2  
  20  2:00  Overlord  
  25  2:06  Drone  
  25  2:07  Zergling x2  
  27  2:14  Drone  
  28  2:21  Drone  
  29  2:23  Metabolic Boost  
  29  2:26  Drone  
  29  2:29  Drone  
  31  2:41  Hatchery  
  30  2:46  Drone x2  
  32  2:52  Queen  
  32  2:56  Overlord  
  33  3:01  Drone x2  
  35  3:15  Zergling x4  
  35  3:16  Overlord, Drone x2  
  35  3:18  Overlord  
  39  3:23  Drone  
  40  3:28  Queen  
  40  3:30  Drone  
  43  3:40  Drone x4  
  47  3:46  Drone x2  
  47  3:53  Overlord  
  47  3:54  Queen  
  49  3:56  Drone  
  49  3:58  Drone  
  49  4:01  Drone x2  
  53  4:04  Spore Crawler  
  52  4:10  Drone  
  52  4:11  Drone x3  
  52  4:14  Drone x2  
  52  4:16  Drone  
  60  4:17  Drone  
  60  4:20  Spore Crawler  
  57  4:24  Overlord  
  57  4:25  Drone  
  57  4:26  Drone  
  57  4:29  Drone  
  59  4:33  Lair  
  59  4:37  Roach Warren  
  59  4:38  Zergling x2  
  59  4:40  Drone x2  
  59  4:44  Spore Crawler  
  59  4:45  Drone x2  
  62  4:50  Extractor, Overlord  
  62  4:51  Extractor, Drone x2  
  62  4:55  Queen  
  62  4:56  Drone  
  62  4:59  Zergling x4  
  67  5:04  Drone x3  
  67  5:05  Drone  
  71  5:11  Overlord  
  71  5:12  Drone x3  
  71  5:14  Evolution Chamber  
  73  5:15  Drone  
  73  5:19  Drone  
  73  5:20  Overlord  
  75  5:21  Drone x4  
  75  5:28  Extractor  
  77  5:30  Extractor x2  
  77  5:33  Drone x3, Overseer  
  78  5:41  Zerg Missile Weapons Level 1  
  78  5:43  Zergling x4  
  78  5:47  Drone x3  
  78  5:49  Hatchery  
  81  5:53  Queen  
  81  5:54  Queen  
  81  5:56  Queen  
  87  6:02  Drone x2  
  87  6:04  Hydralisk Den, Drone  
  90  6:06  Overlord  
  90  6:08  Overlord x2  
  89  6:14  Overlord  
  89  6:23  Baneling Nest  
  89  6:24  Drone  
  89  6:25  Drone  
  90  6:26  Drone x8  
  90  6:32  Overlord, Drone  
  99  6:33  Drone x4  
  103  6:41  Muscular Augments  
  103  6:44  Overlord  
  103  6:48  Hydralisk x4, Drone  
  103  6:53  Evolution Chamber  
  111  6:57  Hydralisk x4  
  119  7:06  Drone x3  
  119  7:08  Drone x3  
  120  7:14  Hydralisk x5  
  128  7:19  Centrifical Hooks, Zerg Melee Weapons Level 1  
  128  7:24  Drone x2  
  128  7:25  Overlord  
  128  7:26  Overlord  
  130  7:30  Hydralisk x2, Baneling x5  
  130  7:34  Drone  
  135  7:37  Zerg Missile Weapons Level 2  
  135  7:39  Hydralisk  
  135  7:40  Hydralisk x2  
  141  7:45  Hydralisk x3  
  141  7:47  Extractor, Drone  
  141  7:48  Drone x3  
  150  7:52  Grooved Spines  
  150  7:57  Drone x2  
  151  7:58  Zergling x18  
  151  8:03  Overlord  
  151  8:05  Overlord x2  
  159  8:09  Overlord x3  
  159  8:14  Hatchery  
  159  8:19  Baneling  
  158  8:20  Baneling x4  
  158  8:22  Zergling x14  
  165  8:30  Zergling x18  
  165  8:32  Hydralisk  
  165  8:33  Hydralisk  
  178  8:35  Hydralisk  
  178  8:36  Hydralisk  
  178  8:40  Baneling  
  178  8:41  Baneling x7  
  182  8:42  Baneling x5  
  182  8:43  Baneling  
  181  8:50  Zergling x16  
  181  8:51  Zergling x2  
  164  9:04  Hydralisk x2  
  164  9:05  Zergling x18  
  167  9:13  Hydralisk x6  
  162  9:26  Zergling x22  
  170  9:31  Infestation Pit  
  170  9:32  Baneling  
  170  9:33  Baneling x17  
  170  9:37  Hydralisk x2  
  173  9:42  Hydralisk x2  
  173  9:43  Hydralisk  
  179  9:47  Hydralisk x2  
  179  9:48  Zergling x4  
  185  9:53  Baneling x5  
  185  9:55  Zerg Ground Armor Level 1  
  181  10:05  Zergling x26  
  177  10:14  Zergling x20  
  149  10:27  Hydralisk  
  149  10:28  Hydralisk x7  
  149  10:38  Hydralisk x2  
  153  10:45  Baneling x5  
  153  10:46  Hatchery, Baneling  
  152  10:51  Hydralisk x6  
  163  10:57  Hydralisk x2  
  163  10:58  Zergling x8  
  163  11:03  Hive  
  168  11:07  Zergling x14  
  174  11:14  Baneling x14  
  174  11:20  Zergling x12  
  177  11:33  Zergling x26  
  186  11:42  Baneling x22  
  186  11:46  Drone x2  
  184  11:51  Baneling x7  
  184  11:52  Baneling x4  
  184  12:00  Zergling x2, Hydralisk x3  
  184  12:01  Zergling x8  
  158  12:08  Hydralisk x3  
  146  12:13  Extractor, Drone  
  146  12:14  Drone x3  
  149  12:31  Infestor x3  
  155  12:38  Extractor x2  
  155  12:39  Drone  
  155  12:40  Drone x8  
  155  12:43  Pneumatized Carapace  
  162  12:44  Spore Crawler x2  
  162  12:46  Hydralisk x4, Spore Crawler  
  162  12:47  Zergling x10  
  162  12:51  Spore Crawler  
  171  12:55  Zergling x2  
  171  12:56  Zergling x10  
  171  12:57  Overlord  
  171  12:58  Baneling x3  
  177  12:59  Baneling x2  
  177  13:01  Baneling x2  
  177  13:02  Baneling  
  177  13:15  Lurker Den  
  176  13:21  Zergling x16  
Show
View Real Time Build Order
Export as new Build Order

Trap Protoss - Winner!

Build Orders: 1 Gate Expand, Oracle Opening, Carriers 

Get SALT Encoding   

  12  0:00  Probe  
  13  0:13  Pylon  
  13  0:18  Probe (Chrono Boost)  
  14  0:28  Probe (Chrono Boost)  
  15  0:33  Probe (Chrono Boost)  
  16  0:40  Gateway  
  16  0:45  Probe  
  16  0:49  Assimilator  
  18  0:57  Probe  
  18  1:09  Probe  
  19  1:21  Probe  
  19  1:24  Nexus  
  20  1:35  Cybernetics Core  
  20  1:38  Probe  
  21  1:46  Assimilator  
  21  1:50  Probe  
  21  1:53  Pylon  
  22  2:02  Probe  
  23  2:09  Adept (Chrono Boost)  
  23  2:10  Probe  
  23  2:12  Warp Gate  
  26  2:18  Probe  
  27  2:29  Pylon  
  27  2:30  Stargate  
  27  2:34  Probe (Chrono Boost)  
  27  2:37  Adept, Probe (Chrono Boost)  
  32  2:46  Probe (Chrono Boost)  
  32  2:47  Probe (Chrono Boost)  
  32  2:51  Probe (Chrono Boost)  
  33  2:55  Probe  
  35  3:03  Probe  
  36  3:07  Stalker, Probe  
  36  3:10  Pylon, Oracle (Chrono Boost)  
  39  3:16  Probe  
  39  3:19  Probe  
  44  3:24  Gateway  
  44  3:30  Pylon, Probe  
  44  3:32  Probe  
  44  3:33  Void Ray (Chrono Boost)  
  46  3:47  Probe  
  47  3:52  Probe  
  48  3:59  Probe  
  48  4:01  Nexus  
  48  4:02  Pylon  
  49  4:05  Adept  
  49  4:09  Probe  
  52  4:11  Probe  
  52  4:14  Assimilator  
  52  4:16  Assimilator  
  53  4:19  Stargate  
  53  4:27  Probe x2  
  55  4:34  Void Ray (Chrono Boost)  
  55  4:38  Shield Battery  
  55  4:39  Probe x2  
  61  4:50  Pylon  
  61  4:51  Probe x2  
  63  4:56  Pylon  
  63  4:59  Void Ray (Chrono Boost)  
  63  5:01  Zealot  
  63  5:03  Probe x2  
  67  5:08  Void Ray (Chrono Boost)  
  67  5:14  Probe (Chrono Boost)  
  72  5:18  Probe (Chrono Boost)  
  78  5:26  Probe x2 (Chrono Boost)  
  78  5:27  Twilight Council, Forge  
  80  5:30  Pylon  
  80  5:31  Probe (Chrono Boost)  
  80  5:32  Void Ray, Probe (Chrono Boost)  
  80  5:34  Probe (Chrono Boost)  
  82  5:39  Probe, Void Ray  
  82  5:42  Probe  
  88  5:45  Probe  
  93  5:51  Probe  
  93  5:53  Protoss Ground Weapons Level 1 (Chrono Boost)  
  93  5:54  Assimilator  
  93  5:55  Probe  
  93  5:56  Assimilator  
  95  5:57  Probe  
  95  5:59  Gateway  
  95  6:01  Gateway  
  95  6:03  Probe  
  97  6:05  Gateway  
  97  6:08  Charge (Chrono Boost)  
  97  6:15  Probe x3  
  100  6:19  Gateway  
  100  6:22  Gateway  
  100  6:25  Templar Archives  
  100  6:28  Gateway  
  100  6:30  Zealot  
  100  6:31  Zealot  
  104  6:38  Pylon  
  104  6:39  Pylon  
  104  6:40  Pylon  
  104  6:44  Psionic Storm  
  104  6:48  Photon Cannon  
  104  6:55  Nexus  
  104  6:59  Pylon  
  104  7:06  Probe x2  
  104  7:07  Probe  
  107  7:13  High Templar x4  
  107  7:15  Photon Cannon  
  115  7:19  Shield Battery x2, Pylon  
  115  7:22  Shield Battery, Photon Cannon  
  115  7:23  High Templar  
  115  7:25  Zealot x3  
  123  7:32  Robotics Facility, Probe x3  
  123  7:36  Pylon  
  126  7:40  Photon Cannon  
  126  7:49  Probe  
  126  7:50  Probe x2  
  129  7:56  Protoss Ground Weapons Level 2 (Chrono Boost)  
  126  8:02  Assimilator, Probe x3  
  126  8:04  High Templar x2  
  126  8:05  High Templar  
  135  8:08  Assimilator  
  135  8:10  Photon Cannon  
  135  8:11  Photon Cannon  
  135  8:14  Probe  
  135  8:15  Probe x2  
  135  8:16  Photon Cannon  
  135  8:19  Archon, Pylon  
  138  8:21  High Templar  
  138  8:24  High Templar  
  138  8:25  Photon Cannon  
  140  8:28  Zealot x3  
  150  8:35  Observer (Chrono Boost)  
  150  8:40  Zealot x2  
  150  8:41  Zealot  
  153  8:44  Gateway  
  153  8:48  Gateway  
  153  8:52  Photon Cannon, Protoss Air Weapons Level 1  
  153  8:54  Immortal  
  151  8:56  Photon Cannon  
  151  9:01  Shield Battery  
  147  9:08  Zealot  
  147  9:09  Zealot x6  
  161  9:13  Archon  
  161  9:14  Archon  
  149  9:23  Fleet Beacon  
  149  9:24  Zealot  
  141  9:26  Stargate  
  141  9:30  Stargate  
  137  9:31  High Templar x2  
  137  9:32  Zealot x4  
  137  9:33  Zealot, Stargate  
  137  9:38  Immortal  
  155  9:41  Stargate  
  155  9:45  Probe x3  
  158  9:48  Pylon  
  158  9:49  Pylon  
  158  9:52  High Templar x2  
  160  9:53  Zealot  
  160  9:57  Archon  
  160  10:03  Zealot x5  
  160  10:04  Zealot  
  160  10:06  Archon  
  168  10:13  Zealot x2  
  151  10:17  Carrier (Chrono Boost)  
  148  10:23  Warp Prism (Chrono Boost)  
  144  10:32  Carrier (Chrono Boost)  
  146  10:39  Carrier (Chrono Boost), Photon Cannon  
  146  10:40  Shield Battery  
  146  10:44  Pylon  
  146  10:45  High Templar x2  
  146  10:46  Assimilator  
  146  10:49  Zealot x3  
  156  10:52  Observer (Chrono Boost)  
  157  10:59  High Templar  
  157  11:03  Shield Battery  
  151  11:05  Photon Cannon  
  151  11:06  Photon Cannon  
  151  11:07  Photon Cannon  
  151  11:10  Observer  
  151  11:16  Carrier (Chrono Boost)  
  157  11:20  Zealot  
  157  11:22  Zealot x3  
  163  11:28  Zealot  
  171  11:36  Carrier (Chrono Boost)  
  175  11:41  Carrier (Chrono Boost)  
  169  11:51  Pylon x2  
  168  12:02  Warp Prism (Chrono Boost)  
  168  12:03  Archon  
  168  12:04  Archon  
  168  12:07  Carrier (Chrono Boost)  
  170  12:13  Carrier (Chrono Boost), High Templar x2  
  180  12:19  Sentry, Zealot  
  180  12:25  Pylon  
  180  12:28  High Templar  
  180  12:33  Pylon  
  180  12:34  Pylon  
  180  12:35  Pylon  
  180  12:45  Observer  
  180  12:47  Zealot x3  
  187  13:05  High Templar x4  
  193  13:07  Nexus  
  193  13:08  Pylon  
  193  13:12  Archon  
  193  13:13  Archon  
  193  13:20  Zealot x3  
  193  13:23  High Templar  
  193  13:24  High Templar  
  197  13:28  Archon  
  185  13:37  Archon  
  185  13:38  Zealot x3  
  185  13:39  Zealot x5  
  196  13:43  Archon  
Tags
 
Add a new tag
Caveats
  • Supply blocks, unpowered buildings, or Contaminate may cause inaccurate times.
  • Supply counts are checked every 10 seconds.